 Dungeon Crawl Stone Soup version 0.31.0-9-g3a7656b989 (webtiles) character file.

Game seed: 2327016200200067930

22256 Violux the Severer (level 12, -7/177 HPs)
             Began as a Minotaur Berserker on Jan 29, 2024.
             Was an Elder of Trog.
             Mangled by an orc warrior
             ... wielding a +0 trident
              (11 damage)
             ... on level 2 of the Orcish Mines on Jan 30, 2024.
             The game lasted 03:13:02 (16338 turns).

Violux the Severer (Minotaur Berserker)            Turns: 16338, Time: 03:13:02

Health: -7/177     AC: 22    Str: 27    XL:     12   Next: 61%
Magic:  11/11      EV: 10    Int:  4    God:    Trog [****..]
Gold:   648        SH: 15    Dex: 10    Spells: 11/11 levels left

rFire   . . .        q - +4 war axe
rCold   . . .        W - +0 tower shield
rNeg    . . .        w - +4 plate armour
rPois   .            (helmet restricted)
rElec   .            r - +0 cloak
rCorr   +            v - +0 pair of gloves
SInv    .            c - +0 pair of boots
Will    ++...        P - amulet of reflection Stlth
                     J - ring of resist corrosion
HPRegen 1.49/turn    O - +5 ring of evasion
MPRegen 0.12/turn

%: reflection
@: berserking (expiring), marked, strong-willed, regenerating, very quick
A: horns 2, retaliatory headbutt
a: Renounce Religion, Berserk, Trog's Hand, Brothers in Arms


You were on level 2 of the Orcish Mines.
You worshipped Trog.
Trog was greatly pleased with you.
You visited 2 branches of the dungeon, and saw 14 of its levels.

You collected 1080 gold pieces.
You spent 432 gold pieces at shops.

Inventory:

Hand Weapons
 a - a +4 spear of freezing
 q - a +4 war axe (weapon)
 z - a +3 scimitar of flaming
 E - a +2 whip of flaming
 G - a +0 orcbow
 K - a +1 demon whip of venom
Missiles
 p - a javelin
 C - 13 poisoned darts
 M - 10 boomerangs (quivered)
Armour
 c - a +0 pair of boots (worn)
 r - a +0 cloak (worn)
 v - a +0 pair of gloves (worn)
 w - a +4 plate armour (worn)
 W - a +0 tower shield (worn)
Magical Staves
 Q - a staff of cold
Jewellery
 y - a ring of protection from cold
 J - a ring of resist corrosion (left hand)
 O - a +5 ring of evasion (right hand)
 P - an amulet of reflection (around neck)
 S - a ring of ice
 T - an amulet of faith
Wands
 e - a wand of acid (18)
 o - a wand of roots (16)
 A - a wand of paralysis (13)
 B - a wand of flame (53)
 I - a wand of mindburst (21)
Scrolls
 h - a scroll of immolation {unknown}
 t - 8 scrolls of teleportation
 u - 2 scrolls of poison
 F - a scroll of butterflies
 H - a scroll of enchant weapon
 U - a scroll of identify
 V - a scroll of noise {unknown}
Potions
 d - 2 potions of might
 f - 5 potions of curing
 g - a potion of degeneration
 i - 2 potions of haste
 j - 3 potions of cancellation
 k - 2 potions of heal wounds
 m - a potion of attraction
 n - 2 potions of enlightenment
 s - 2 potions of mutation
 x - 2 potions of berserk rage
 L - 2 potions of lignification {unknown}
 N - 2 potions of invisibility {unknown}
 R - a potion of resistance {unknown}


   Skills:
 + Level 14.6 Fighting
 * Level 18.6 Axes
 + Level 9.8 Armour
 - Level 2.4 Dodging


You had 11 spell levels left.
You didn't know any spells.
Your spell library was empty.

Dungeon Overview and Level Annotations

Branches:
Dungeon (12/15)            Temple (0/1) D:7            Lair (0/5) D:11
    Orc (2/2) D:9             Elf (0/3) Orc:2

Altars:
Dithmenos
Fedhas
Gozag
Kikubaaqudgha
Ru
Sif Muna
Trog
Zin

Shops:
D:8 =   Orc:2 ?

Annotations:
Orc:2 Azrael, Nergalle, Saint Roka


Innate Abilities, Weirdness & Mutations

You have a pair of horns on your head.
You reflexively headbutt those who attack you in melee.


Message History

You block the fire elemental's attack.
You slice the fire elemental!!
You destroy the fire elemental!
Trog accepts your kill.
You slash the hell hound!
You kill the hell hound!
Trog accepts your kill. You block the orc warrior's attack.
An orc warrior comes into view. It is wielding a +0 scimitar.
Saint Roka roars a battlecry!
You hit Azrael. You headbutt Azrael!
Azrael is lightly wounded.
You slice Azrael!!
Azrael is heavily wounded.
You block Azrael's attack.
The orc warrior hits you from afar with a +0 trident.
* * * LOW HITPOINT WARNING * * *
The orc priest mumbles some strange prayers to Beogh against you.
Beogh smites you!
* * * LOW HITPOINT WARNING * * *
Saint Roka roars a battlecry!
You barely miss Azrael.
Azrael is heavily wounded.
Azrael hits you but does no damage. You block the orc warrior's attack.
You slash Azrael!
Azrael is severely wounded.
You slash Azrael!
Azrael is almost dead.
Azrael hits you but does no damage.
The orc warrior hits you from afar with a +0 trident!
* * * LOW HITPOINT WARNING * * *
An orc comes into view. It is wielding a +0 short sword.
An orc comes into view.
It is wielding a +1 trident of protection.
Saint Roka roars a battlecry!
An orc sorcerer comes into view. It is wielding a +0 dagger.
You slash Azrael! You headbutt Azrael, but do no damage.
Azrael is almost dead.
You block Azrael's attack.
The orc warrior hits you from afar with a +0 trident!
You die...

# #. ##.
###
###.°o##@##
#...ooo†R)#
.....To°.##
.....oo###
#.##oo. #
#o...
#ooo.#


oTo... ...... You could see Saint Roka, Azrael, 2 trolls, an orc sorcerer
(strong), 3 orc warriors, an orc priest (strong) and 7 orcs.

Vanquished Creatures
  Fannar (D:11)
  Erica (D:10)
  An ogre mage (Orc:2)
  6 two-headed ogres
  Amaemon (D:11)
  Pikel (D:4)
  2 ugly things (D:12)
  2 cyclopes
  An orc sorcerer (D:9)
  A kobold blastminer (Orc:1)
  An orange demon (D:11)
  A gargoyle (D:11)
  Maggie (D:10)
  An unseen horror (D:12)
  Prince Ribbit (D:5)
  8 trolls
  8 yaks
  A shadow (D:12)
  2 vampires
  A fire elemental (Orc:2)
  3 wyverns
  A wraith (D:9)
  A vampire mosquito (D:10)
  7 steam dragons
  3 acid dragons
  Duvessa (D:4)
  5 hell hounds (Orc:2)
  A water moccasin (D:7)
  3 sky beasts
  19 orc warriors
  2 ice beasts
  2 black bears
  3 ogres
  3 centaurs
  A lemure (D:5)
  A phantom (D:4)
  3 kobold brigands (D:8)
  7 bullfrogs
  4 gnoll sergeants
  4 scorpions
  8 wights
  Dowan (D:4)
  2 bombardier beetles (D:4)
  5 howler monkeys
  A jelly (D:5)
  2 hounds
  Crazy Yiuf (D:4)
  14 orc priests
  2 gnoll boudas
  4 iguanas
  A sleepcap (D:5)
  Jessica (D:3)
  20 orc wizards
  12 gnolls
  7 adders
  3 white imps
  5 dart slugs
  3 ribbon worms
  58 orcs
  8 endoplasms
  5 giant cockroaches
  5 goblins
  10 hobgoblins
  5 kobolds
  3 quokkas
  9 ball pythons
  7 bats
  A frilled lizard (D:1)
  3 rats
322 creatures vanquished.

Vanquished Creatures (others)
  An orc (Orc:1)
1 creature vanquished.

Grand Total: 323 creatures vanquished

Notes
Turn   | Place    | Note
-------+----------+-------------------------------------------
     0 | D:1      | Violux the Minotaur Berserker began the quest for the Orb.
     0 | D:1      | Reached XP level 1. HP: 19/19 MP: 0/0
   129 | D:1      | Reached XP level 2. HP: 24/27 MP: 1/1
   156 | D:1      | Reached skill level 4 in Axes
   804 | D:1      | Found a faded altar of an unknown god.
  1054 | D:1      | Reached XP level 3. HP: 33/33 MP: 2/2
  1726 | D:2      | Reached skill level 5 in Axes
  2379 | D:3      | Reached XP level 4. HP: 40/40 MP: 3/3
  2464 | D:3      | Reached ** piety under Trog
  2540 | D:3      | Noticed Jessica
  2561 | D:3      | Killed Jessica
  2562 | D:3      | Reached skill level 6 in Axes
  2572 | D:3      | Found a shimmering blue altar of Sif Muna.
  2688 | D:3      | Reached XP level 5. HP: 46/46 MP: 4/4
  3282 | D:4      | Reached skill level 7 in Axes
  3693 | D:4      | Noticed a centaur
  3702 | D:4      | Killed a centaur
  3703 | D:4      | Reached skill level 8 in Axes
  3703 | D:4      | Reached XP level 6. HP: 52/52 MP: 5/5
  3927 | D:4      | Reached skill level 9 in Axes
  4065 | D:4      | Found a runed translucent door.
  4066 | D:4      | Noticed Crazy Yiuf
  4193 | D:4      | Reached XP level 7. HP: 58/59 MP: 6/6
  4281 | D:4      | Noticed Duvessa
  4308 | D:4      | Killed Duvessa
  4309 | D:4      | Reached skill level 10 in Axes
  4386 | D:4      | Noticed Dowan
  4405 | D:4      | Killed Dowan
  4821 | D:4      | Killed Crazy Yiuf
  4916 | D:5      | Entered Level 5 of the Dungeon
  5252 | D:5      | Noticed Pikel
  5381 | D:4      | Killed Pikel
  5382 | D:4      | Reached skill level 5 in Fighting
  5382 | D:4      | Reached skill level 11 in Axes
  5382 | D:4      | Reached XP level 8. HP: 68/70 MP: 7/7
  5416 | D:5      | Noticed Prince Ribbit
  5426 | D:5      | Killed Prince Ribbit
  5427 | D:5      | Reached skill level 12 in Axes
  6307 | D:6      | Reached XP level 9. HP: 79/79 MP: 8/8
  6319 | D:6      | Reached skill level 13 in Axes
  6609 | D:6      | Found a glowing silver altar of Zin.
  6733 | D:6      | Found an opulent altar of Gozag.
  7711 | D:7      | Reached skill level 14 in Axes
  8698 | D:7      | Found a staircase to the Ecumenical Temple.
  8807 | D:7      | Reached *** piety under Trog
  9374 | D:8      | Found Suise's Jewellery Emporium.
  9380 | D:8      | Bought a +5 ring of evasion for 432 gold pieces
  9399 | D:8      | Reached XP level 10. HP: 91/91 MP: 9/9
  9557 | D:8      | Reached skill level 10 in Fighting
 10022 | D:8      | Reached skill level 5 in Armour
 10758 | D:9      | Reached skill level 15 in Axes
 10823 | D:9      | Noticed a two-headed ogre
 10834 | D:9      | Killed a two-headed ogre
 10840 | D:9      | Reached XP level 11. HP: 105/105 MP: 10/10
 11056 | D:9      | Reached **** piety under Trog
 11218 | D:9      | Found a shadowy altar of Dithmenos.
 11479 | D:9      | Found a staircase to the Orcish Mines.
 11674 | D:10     | Entered Level 10 of the Dungeon
 11674 | D:10     | Noticed Maggie
 11686 | D:10     | Killed Maggie
 12073 | D:10     | Noticed Erica
 12079 | D:10     | Killed Erica
 12080 | D:10     | Reached skill level 16 in Axes
 12265 | D:10     | Found a sacrificial altar of Ru.
 12270 | D:10     | Found a bloodstained altar of Trog.
 12469 | D:10     | Found a blossoming altar of Fedhas.
 12927 | D:11     | Noticed a two-headed ogre
 12937 | D:11     | Killed a two-headed ogre
 13107 | D:11     | Noticed Amaemon
 13124 | D:11     | Killed Amaemon
 13129 | D:11     | Reached skill level 17 in Axes
 13385 | D:11     | Noticed Fannar
 13399 | D:11     | Killed Fannar
 13607 | D:11     | Found a staircase to the Lair.
 13818 | D:12     | Reached XP level 12. HP: 89/116 MP: 11/11
 14021 | D:12     | Noticed a two-headed ogre
 14032 | D:12     | Killed a two-headed ogre
 15039 | Orc:1    | Entered Level 1 of the Orcish Mines
 15039 | Orc:1    | Found Tafuozaonn's Armour Emporium.
 15135 | Orc:1    | Reached skill level 18 in Axes
 15344 | Orc:2    | Entered Level 2 of the Orcish Mines
 15346 | Orc:2    | Found a staircase to the Elven Halls.
 15373 | Orc:2    | Noticed a two-headed ogre
 15375 | Orc:2    | Noticed an ogre mage
 15375 | Orc:2    | Noticed a two-headed ogre
 15377 | Orc:2    | Noticed a two-headed ogre
 15379 | Orc:2    | Paralysed by an ogre mage for 2 turns
 15782 | Orc:1    | Killed a two-headed ogre
 15783 | Orc:1    | Killed a two-headed ogre
 15823 | Orc:2    | Killed a two-headed ogre
 15828 | Orc:2    | Killed an ogre mage
 16306 | Orc:2    | Found an ancient bone altar of Kikubaaqudgha.
 16306 | Orc:2    | Noticed Nergalle
 16311 | Orc:2    | Found Xuec's Magic Scroll Shop.
 16317 | Orc:2    | Noticed Azrael
 16326 | Orc:2    | Noticed Saint Roka
 16337 | Orc:2    | HP: 3/177 [orc warrior/+0 trident (17)]
 16338 | Orc:2    | Mangled by an orc warrior

Illustrated notes

Levels and vault maps discovered:
D:1:      minmay_arrival_four_houses, layout_rooms,
          shapermc_ecumenical_altar_ellora
D:2:      layout_basic
D:3:      layout_basic, tgw_sif, minmay_surrounded
D:4:      layout_layer_cave, uniq_duvessa, uniq_crazy_yiuf_cottage
D:5:      layout_rooms, nicolae_the_louvre, uniq_pikel, uniq_prince_ribbit1
D:6:      layout_loops_corners, kennysheep_little_box,
          mainiacjoe_overflow_boulevard
D:7:      layout_cave_pools, minmay_temple_entry_junction, serial_park,
          serial_park_square2, serial_park_square1
          [serial_park_minivault_5x5_4], serial_park_tiny_1
D:8:      layout_loops_ring, minmay_shop_enchanted_jewellery,
          kennysheep_kite_vault
D:9:      layout_irregular_city, nicolae_dithmenos_the_darkroom, david_orc_4,
          kennysheep_nub
D:10:     layout_long_grid, jmf_multi_god_temple2, lemuel_tele_altar,
          kennysheep_generic_room_6, uniq_maggie, uniq_erica
D:11:     layout_roguey, grunt_lair_entry_orc_guard_hut, uniq_amaemon,
          uniq_fannar
D:12:     layout_gridville, small_statue_alley_a
Orc:1:    layout_caves, serial_shops, shop, lemuel_statue_altar
Orc:2:    kennysheep_orc_mage_school, layout_diamond_mine, uniq_azrael,
          uniq_saint_roka

Skill      XL: |  1  2  3  4  5  6  7  8  9 10 11 12 |
---------------+-------------------------------------+-----
Fighting       | 4 5 7 9 12 13 14 | 14.6
Axes           | 4 5 6 8 9 11 12 14 15 17 18 | 18.6
Armour         | 3 6 8 9 |  9.8
Dodging        | |  2.4

Action                     |  1- 3 |  4- 6 |  7- 9 | 10-12 || total
---------------------------+-------+-------+-------+-------++-------
  Melee: Hand axe          |    60 |       |       |       ||    60
         Headbutt          |    10 |    15 |    32 |    99 ||   156
         War axe           |    17 |   113 |   246 |   484 ||   860
         Punch             |       |       |     2 |       ||     2
         Spear             |       |       |       |     4 ||     4
   Fire: Shortbow          |       |       |     1 |       ||     1
  Throw: Javelin           |     2 |     2 |     1 |       ||     5
         Stone             |       |       |     1 |       ||     1
         Boomerang         |       |       |       |     5 ||     5
 Invoke: Berserk           |     1 |     2 |    13 |    16 ||    32
         Trog's Hand       |       |     1 |       |     6 ||     7
  Evoke: Wand              |       |       |     7 |    14 ||    21
    Use: Scroll            |     2 |       |    16 |    11 ||    29
   Stab: Paralysed         |       |       |       |     5 ||     5
 Armour: Animal skin       |    13 |       |       |       ||    13
         Leather armour    |     7 |       |       |       ||     7
         Ring mail         |    15 |     3 |       |       ||    18
         Plate armour      |       |    81 |   189 |   303 ||   573
  Dodge: Dodged            |    34 |    42 |    70 |   201 ||   347
  Block: Buckler           |       |       |     1 |    64 ||    65
         Tower shield      |       |       |       |    80 ||    80
         Reflection        |       |       |       |     3 ||     3
